 Dungeon Crawl Stone Soup version 0.32-a0-986-ga09f62fbf4 (webtiles) character file.

Game seed: 7892977510222674080

186 GiantSquids the Changeling (level 5, 0/33 HPs)
             Began as an Octopode Shapeshifter on Apr 22, 2024.
             Killed by divine providence
             ... invoked by an orc priest
              (11 damage)
             ... on level 4 of the Dungeon.
             The game lasted 00:04:43 (2203 turns).

GiantSquids the Changeling (Octopode Shapeshifter)  Turns: 2203, Time: 00:04:44

Health: 0/33       AC:  1    Str: 15    XL:     5   Next: 66%
Magic:  5/5        EV: 12    Int: 13    God:
Gold:   69         SH:  0    Dex: 11    Spells: 4/4 levels left

rFire   . .          .
                       - Unarmed
rCold   . . .        (no shield)
rNeg    . . .        (helmet currently unavailable)
rPois   .            (no amulet)
rElec   .            (no ring)
rCorr   .            (no ring)
SInv    .            (no ring)
Will    .....        (no ring)
Stlth   +++          (no ring)
HPRegen 0.25/turn    (no ring)
MPRegen 0.09/turn    (no ring)
                     (no ring)

%: no passive effects
@: beast-form
A: beast (slay +2), almost no armour, amphibious, 8 rings, camouflage 1,
gelatinous body 1, (nimble swimmer 1), tentacles
a: Begin Untransformation, Convert to Beogh


You were on level 4 of the Dungeon.
You were a hulking beast.
You visited 1 branch of the dungeon, and saw 4 of its levels.

You collected 69 gold pieces.

Inventory:

Missiles
 i - 2 javelins (quivered)
Jewellery
 j - a ring of flight
Talismans
 b - a beast talisman (active)
 c - a flux talisman
Scrolls
 e - 6 scrolls of identify {unknown}
 m - a scroll of noise {unknown}
Potions
 a - a potion of lignification
 d - a potion of heal wounds {unknown}
 f - a potion of resistance {unknown}
 g - a potion of degeneration {unknown}
 h - 3 potions of curing {unknown}
 k - 2 potions of brilliance {unknown}
 l - a potion of cancellation {unknown}
 n - a potion of might {unknown}
 o - 2 potions of enlightenment {unknown}


   Skills:
 - Level 1.0 Fighting
 - Level 2.0 Dodging
 - Level 3.5 Stealth
 - Level 3.0 Unarmed Combat
 * Level 5.2 Shapeshifting


You had 4 spell levels left.
You didn't know any spells.
Your spell library was empty.

Dungeon Overview and Level Annotations

Branches:
Dungeon (4/15)
 Temple: D:4-7

Altars:


Innate Abilities, Weirdness & Mutations

You are a hulking beast.
Your limbs bulge with bestial killing power. (Slay +2)
You cannot wear most types of armour.
You are amphibious.
You can wear up to eight rings at the same time.
Your skin changes colour to match your surroundings (Stealth+).
Your rubbery body absorbs attacks. (AC +1, EV +1)
((You are camouflaged when in or above water. (Stealth+)))
You have tentacles for arms and can constrict up to eight enemies at once.


Message History

The hound zombie is moderately damaged.
You constrict the hound zombie. The hound zombie barely misses you.
You tentacle-slap the hound zombie. You squeeze the hound zombie!
The hound zombie is almost destroyed.
You constrict the hound zombie. The hound zombie bites you.
Unknown command.
You tentacle-slap the hound zombie but do no damage.
You squeeze the hound zombie.
You destroy the hound zombie!
You tentacle-slap something. Something hits you.
You barely miss something. You squeeze something.
You hear the slow rusting of a very distant drain.
Something hits you.
You tentacle-slap something but do no damage.
An orc comes into view. It is wielding a +0 hand axe.
Something barely misses you.
You barely miss something.
The orc shouts!
You hear a shout!
Something hits you.
You barely miss something. Your squeeze misses something.
An orc priest comes into view. It is wielding a +0 club.
Something hits you.
The orc priest shouts, "Surrender to Beogh and we'll let you live!" (press Y on the ability menu to convert to Beogh)
You tentacle-slap something.
The orc priest shouts, "The Pantheon deserves no one's loyalty.
Let us show you the true path!"
You squeeze something.
You hear some strange, mumbled words.
A magic dart appears from out of thin air!
The magic dart hits you.
You tentacle-slap something but do no damage.
An orc wizard comes into view. It is wielding a +0 dagger.
Something hits you.
You miss something. Your squeeze misses something.
You hear some strange, mumbled words.
Something tries to affect you, but you resist.
You miss something.
The orc priest calls down the wrath of Beogh upon you.
Beogh smites you!
You die...

.. ..########################
..........o{h..........>.....
#..#####...############.#####
#....##...## #......#
#......o...# #......#
##..ßß......# #......#
#.P.........# #......#
#.Z..Z......# #......#
#...........# ####.###
#...........# #.#


You could see an orc priest, an orc wizard and a water moccasin zombie.

Vanquished Creatures
  A hound (D:3)
  A hound zombie (D:4)
  4 adders
  2 adder zombies (D:4)
  An adder skeleton (D:4)
  2 dart slugs (D:1)
  A ribbon worm (D:2)
  An orc (D:3)
  6 bats
  6 endoplasms
  4 giant cockroaches
  17 goblins
  8 hobgoblins
  6 jackals
  3 kobolds
  2 quokkas
  3 ball pythons
  4 frilled lizards
  10 rats
82 creatures vanquished.

Notes
Turn   | Place    | Note
-------+----------+-------------------------------------------
     0 | D:1      | GiantSquids the Octopode Shapeshifter began the quest for
                  | the Orb.
     0 | D:1      | Reached XP level 1. HP: 13/13 MP: 1/1
    42 | D:1      | Reached skill level 1 in Stealth
    45 | D:1      | Reached XP level 2. HP: 14/18 MP: 2/2
   267 | D:1      | Reached XP level 3. HP: 23/23 MP: 3/3
  1088 | D:2      | Reached skill level 4 in Shapeshifting
  1280 | D:2      | Reached XP level 4. HP: 28/28 MP: 4/4
  1740 | D:3      | Reached XP level 5. HP: 31/33 MP: 5/5
  2090 | D:4      | Reached skill level 5 in Shapeshifting
  2203 | D:4      | Killed from afar by an orc priest

Illustrated notes

Levels and vault maps discovered:
D:1:      erik_arrival_cave_to_civilisation [erik_arrival_cave_to_hall],
          layout_basic
D:2:      layout_rooms
D:3:      layout_basic
D:4:      layout_basic, minmay_temple_entry_nine_rooms, serial_undead,
          serial_undead_b, serial_undead_e, serial_undead_d, serial_undead_c,
          serial_undead_b, serial_undead_a, portal_sewer_entry_c, uniq_sigmund

Skill      XL: |  1  2  3  4  5 |
---------------+----------------+-----
Stealth        | 1 2 3 |  3.5
Shapeshifting  | 4 5 |  5.2
Fighting       | |  1.0
Dodging        | |  2.0
Unarmed Combat | |  3.0

Action                     |  1- 3 |  4- 6 || total
---------------------------+-------+-------++-------
  Melee: Unarmed           |    73 |    68 ||   141
         Constrict         |    22 |    25 ||    47
         Tentacles         |     8 |    22 ||    30
         Punch             |     2 |     1 ||     3
   Stab: Sleeping          |     3 |     8 ||    11
         Distracted        |       |     1 ||     1
 Armour: Skin              |    28 |    29 ||    57
  Dodge: Dodged            |    28 |    30 ||    58

Table legend: (Time is in decaauts)
 A = Elapsed time spent in this place.
 B = Non-inter-level travel time spent in this place.
 C = Inter-level travel time spent in this place.
 D = Time resting spent in this place.
 E = Time spent auto-exploring this place.
 F = Levels seen in this place.
 G = Mean time per level.
                   A        B        C        D        E       F      G
               +--------+--------+--------+--------+--------+-----+--------+
         Total |   2194 |   2139 |     55 |      0 |   1530 |   4 |  548.5 |
       Dungeon |   2194 |   2139 |     55 |      0 |   1530 |   4 |  548.5 |
               +--------+--------+--------+--------+--------+-----+--------+

Top non-repeatable levels by time:
     D:1: 1027 daAuts
     D:3: 566 daAuts
     D:2: 443 daAuts
     D:4: 157 daAuts
